 Dungeon Crawl Stone Soup version 0.26-a0-690-gcb57259078 (webtiles) character file.

Game seed: 6167161439334231495

67 Peloso the Covered (level 4, -1/40 HPs)
             Began as a Minotaur Fighter on Oct 24, 2020.
             Slain by Duvessa
             ... wielding a +4 short sword of electrocution
              (9 damage)
             ... on level 4 of the Dungeon.
             The game lasted 00:03:07 (1404 turns).

Peloso the Covered (Minotaur Fighter)               Turns: 1404, Time: 00:03:08

Health: -1/40      AC: 12    Str: 15 (16) XL:     4   Next: 0%
Magic:  3/3        EV:  2    Int:  6 (7)  God:
Gold:   103        SH:  9    Dex:  9 (11) Spells: 3/3 levels left

rFire    . . .     SeeInvis .   a - +0 long sword
rCold    . . .     Faith    .   c - +0 kite shield
rNeg     . . .     Spirit   .   l - +0 plate armour
rPois    +         Reflect  .   (helmet restricted)
rElec    .         Harm     .   (no cloak)
rCorr    .         Rampage  .   (no gloves)
MR       .....                  (no boots)
Stlth    ..........             (no amulet)
HPRegen  0.13/turn              e - -4 ring of strength
MPRegen  0.08/turn              m - ring of wizardry

@: mighty
A: retaliatory headbutt, horns 2, blurry vision 1, clever 1, deterioration 1,
poison resistance
a: no special abilities


You were on level 4 of the Dungeon.
You visited 1 branch of the dungeon, and saw 4 of its levels.

You collected 103 gold pieces.

Inventory:

Hand Weapons
 a - a +0 long sword (weapon)
Armour
 b - a +0 scale mail
 c - a +0 kite shield (worn)
 l - a +0 plate armour (worn)
Jewellery
 e - a -4 ring of strength (left hand)
 f - an uncursed ring of stealth
 m - a ring of wizardry (right hand)
 n - an uncursed amulet of guardian spirit {unknown}
Scrolls
 k - a scroll of identify


   Skills:
 + Level 4.1 Fighting
 + Level 3.2 Long Blades
 + Level 4.4 Armour
 + Level 0.2 Dodging
 + Level 4.3 Shields


You had 3 spell levels left.
You didn't know any spells.
Your spell library was empty.

Dungeon Overview and Level Annotations

Branches:
Dungeon (4/15)
 Temple: D:4-7

Altars:

Annotations:
D:4 Dowan, Duvessa


Innate Abilities, Weirdness & Mutations

You reflexively headbutt those who attack you in melee.
You have a pair of horns on your head.
Scrolls take you a little longer to read.
Your mind is acute. (Int +2)
Your body sometimes deteriorates upon taking damage.
Your system is resistant to poisons. (rPois)


Message History

You barely miss Duvessa.
Duvessa hits you with a +4 short sword of electrocution.
Dowan says, "My weaknesses are her strengths!"
You closely miss Duvessa. You headbutt Duvessa, but do no damage.
Duvessa hits you but does no damage.
Duvessa hits you with a +4 short sword of electrocution.
Your body deteriorates!
You feel weakened.
You feel very mighty all of a sudden.
Duvessa hits you with a +4 short sword of electrocution.
Your shield and plate armour prevent you from hitting Duvessa.
Your headbutt misses Duvessa. Duvessa hits you but does no damage.
You are electrocuted!!
* * * LOW HITPOINT WARNING * * *
Dowan casts a spell at Duvessa.
Duvessa seems to speed up.
You slash Duvessa!
Duvessa is moderately wounded.
You block Duvessa's attack. Duvessa hits you but does no damage.
You are electrocuted!
You die...

*,,,,,,,,,,,,,,,*,,***,,,,,,,
*,,,,,,**,*,,,*,*,,,,+,,,,,,,
*,,,>,,+,,*,*,*,*,,***,,,,,,,
*,,,,,,**,,,,,*,*,*,,,,,,,,*,
*,,,,,,**,,,*,*,*,+,,,,,>,,*,
******######*,*,***,,,,,,,,*,
###.....,,*,,,,,,*+*****,
#......####.#**,,,,,,* *,
#......'@ee.#**,,,,*,* **
#......####.....,,,*,*
********#....###
***#.#,,,,,****
,,,,,,,.....,* *,**,,*,,,,*
,******####*** *,,,,,*,**,*
,* *****,,,,*,* ,**********
***,,*,* ,,,,*,,,,,* *,>*,*
**,,*,,*,,* ***,,*,,


You could see Duvessa (fast) and Dowan.

Vanquished Creatures
  3 adders
  An adder skeleton (D:4)
  A worm (D:2)
  2 leopard geckos (D:2)
  A ball python (D:3)
  4 goblins (D:1)
  7 hobgoblins
  4 kobolds
  A quokka (D:2)
  5 bats
  A frilled lizard (D:1)
  4 rats
34 creatures vanquished.

Notes
Turn   | Place    | Note
-------+----------+-------------------------------------------
     0 | D:1      | Peloso the Minotaur Fighter began the quest for the Orb.
     0 | D:1      | Reached XP level 1. HP: 19/19 MP: 0/0
   207 | D:1      | Reached XP level 2. HP: 27/27 MP: 1/1
   391 | D:1      | You fall into a shaft and drop 1 floor!
   502 | D:2      | Reached XP level 3. HP: 27/33 MP: 2/2
   712 | D:2      | Gained mutation: Your body sometimes deteriorates upon
                  | taking damage. [potion of mutation]
   712 | D:2      | Gained mutation: Scrolls take you a little longer to read.
                  | [potion of mutation]
   712 | D:2      | Gained mutation: Your system is resistant to poisons.
                  | (rPois) [potion of mutation]
   712 | D:2      | Gained mutation: Your mind is acute. (Int +2) [potion of
                  | mutation]
  1382 | D:4      | Reached XP level 4. HP: 40/40 MP: 3/3
  1395 | D:4      | Noticed Duvessa
  1395 | D:4      | Noticed Dowan
  1404 | D:4      | Slain by Duvessa

Illustrated notes

Levels and vault maps discovered:
D:1:      kennysheep_arrival_forest, layout_loops_ring, serial_rivers,
          chequers_serial_rivers_micro_a, chequers_serial_rivers_room_b,
          chequers_serial_rivers_room_b, chequers_serial_rivers_room_a,
          minmay_heptomino_o4
D:2:      layout_basic
D:3:      layout_basic, vehumet_crystals, gup_sewer_entry_glass
D:4:      minmay_angry_zag, layout_basic, enter_ossuary_2, serial_shops,
          nicolae_shop_stone, uniq_blork_the_orc, uniq_sigmund, uniq_duvessa

Skill      XL: |  1  2 |
---------------+-------+-----
Armour         | 4 |  4.4
Fighting       | 4 |  4.1
Shields        | 4 |  4.3
Long Blades    | 3 |  3.2
Dodging        | |  0.2

Action                   |  1- 3 |  4- 6 || total
-------------------------+-------+-------++-------
Melee: Long sword        |    88 |     7 ||    95
       Headbutt          |    14 |     1 ||    15
  Use: Potion            |     3 |     1 ||     4
       Scroll            |       |     6 ||     6
Armor: Scale mail        |    38 |       ||    38
       Plate armour      |    88 |     3 ||    91
Dodge: Dodged            |    30 |       ||    30
Block: Kite shield       |    92 |     1 ||    93
       Rpst.: Long sword |     9 |       ||     9

Table legend: (Time is in decaauts)
 A = Elapsed time spent in this place.
 B = Non-inter-level travel time spent in this place.
 C = Inter-level travel time spent in this place.
 D = Time resting spent in this place.
 E = Time spent auto-exploring this place.
 F = Levels seen in this place.
 G = Mean time per level.
                   A        B        C        D        E       F      G
               +--------+--------+--------+--------+--------+-----+--------+
         Total |   1446 |   1446 |      0 |      0 |    980 |   4 |  361.5 |
       Dungeon |   1446 |   1446 |      0 |      0 |    980 |   4 |  361.5 |
               +--------+--------+--------+--------+--------+-----+--------+

Top non-repeatable levels by time:
     D:2: 685 daAuts
     D:1: 408 daAuts
     D:3: 262 daAuts
     D:4: 90 daAuts
